Map: Jagannatha LE

Players

Stephano

  • Race: Zerg Zerg

GunGFuBanDa - Winner!

  • Race: Protoss Protoss

Event: DreamHack SC2 Masters 2021 Winter

VOD

Have the link to the VOD?

Description

Time

  • Played on: Oct. 10, 2021, 1:53 p.m.
  • Length: 18:25

All games in this series

Show
View Real Time Build Order
Export as new Build Order

Stephano Zerg 

Build Orders: Hatch First, Lurkers 

Get SALT Encoding   

  12  0:00  Drone  
  13  0:12  Overlord  
  13  0:17  Drone  
  14  0:30  Drone  
  15  0:44  Hatchery  
  15  0:48  Drone  
  15  0:52  Drone  
  16  0:58  Drone  
  17  1:07  Drone  
  18  1:15  Spawning Pool  
  18  1:17  Drone  
  18  1:22  Extractor  
  17  1:29  Drone  
  18  1:39  Drone  
  19  1:50  Drone  
  20  1:56  Drone  
  21  2:02  Queen x2  
  21  2:03  Zergling x2  
  21  2:07  Overlord  
  26  2:10  Drone  
  27  2:18  Drone  
  28  2:30  Hatchery, Drone  
  28  2:33  Drone  
  29  2:37  Overlord  
  29  2:44  Queen  
  29  2:49  Drone  
  29  2:50  Drone  
  33  3:01  Metabolic Boost  
  33  3:03  Drone x3  
  35  3:07  Overlord  
  35  3:16  Extractor  
  35  3:17  Extractor, Drone x3  
  35  3:18  Extractor, Drone  
  37  3:25  Queen  
  41  3:27  Queen  
  41  3:30  Drone  
  44  3:35  Overlord  
  44  3:44  Zergling x6  
  44  3:45  Drone x3  
  50  3:48  Overlord  
  50  3:59  Drone  
  50  4:00  Drone x4  
  50  4:01  Drone x2  
  57  4:06  Queen  
  57  4:08  Overlord  
  59  4:12  Queen  
  59  4:17  Evolution Chamber  
  60  4:22  Spore Crawler x2  
  57  4:24  Zergling x6  
  57  4:28  Zergling x10  
  57  4:29  Zergling x2  
  68  4:34  Overlord  
  68  4:38  Drone  
  69  4:39  Zergling x4  
  69  4:40  Zergling x2, Baneling Nest  
  69  4:44  Overlord  
  71  4:46  Zergling x6  
  71  5:01  Drone x7  
  71  5:08  Zergling x2  
  66  5:16  Zergling x6  
  63  5:25  Zergling x10  
  65  5:29  Queen x2  
  65  5:32  Zerg Melee Weapons Level 1  
  65  5:34  Baneling x5  
  68  5:41  Spore Crawler x2, Zergling x4  
  68  5:48  Drone x3  
  68  5:49  Zergling x6  
  74  6:00  Spore Crawler  
  74  6:02  Spore Crawler  
  74  6:03  Spore Crawler, Zergling x2  
  74  6:04  Zergling x8  
  74  6:15  Zergling x6  
  74  6:16  Zergling x10  
  82  6:26  Roach Warren  
  82  6:28  Drone x5  
  85  6:35  Baneling x3  
  85  6:36  Baneling  
  85  6:38  Drone x4  
  89  6:41  Baneling  
  89  6:47  Overlord  
  89  6:52  Overlord  
  81  7:03  Zergling x18  
  81  7:06  Overlord  
  83  7:20  Lair  
  80  7:23  Extractor  
  80  7:24  Overlord, Extractor  
  80  7:26  Roach x5  
  88  7:32  Extractor, Drone x4  
  88  7:33  Drone  
  88  7:34  Extractor, Drone  
  88  7:35  Drone x3  
  95  7:53  Drone x2  
  95  7:54  Overlord  
  95  7:56  Drone  
  95  7:57  Drone x5  
  95  7:58  Overlord x2  
  103  8:04  Hatchery  
  102  8:06  Roach x3  
  102  8:12  Roach x5  
  118  8:15  Extractor  
  118  8:17  Baneling  
  118  8:18  Baneling x4  
  116  8:27  Roach x5  
  122  8:38  Zergling x16  
  122  8:56  Zergling x2  
  122  8:57  Zergling x18  
  129  9:06  Zerg Missile Weapons Level 1  
  129  9:08  Baneling x10  
  129  9:09  Hydralisk Den  
  126  9:11  Drone x6  
  132  9:17  Glial Reconstitution  
  132  9:23  Drone x4  
  132  9:24  Drone x2  
  138  9:30  Drone x3  
  138  9:31  Drone x2  
  142  9:33  Overlord  
  137  9:40  Muscular Augments  
  137  9:41  Lurker Den  
  137  9:42  Overlord  
  137  9:44  Infestation Pit  
  135  9:46  Hydralisk x2  
  135  9:48  Extractor x2  
  135  9:51  Hydralisk x2  
  139  10:05  Hydralisk x5  
  145  10:12  Zergling x2  
  145  10:13  Zergling x16  
  146  10:18  Ravager x3  
  146  10:23  Zergling x14  
  151  10:31  Hive  
  150  10:39  Evolution Chamber  
  150  10:40  Lurker x2  
  151  10:43  Overseer  
  151  10:50  Drone x5  
  151  10:51  Grooved Spines  
  151  10:52  Drone x3  
  151  10:53  Overlord  
  151  10:54  Spine Crawler, Overlord  
  151  10:55  Spine Crawler  
  152  11:17  Hydralisk  
  152  11:18  Hydralisk x7  
  161  11:25  Lurker  
  160  11:26  Lurker x4  
  160  11:29  Overlord  
  164  11:34  Pneumatized Carapace  
  164  11:35  Overlord  
  164  11:36  Overlord  
  164  11:47  Seismic Spines, Zerg Missile Weapons Level 2  
  159  11:58  Overlord  
  136  12:06  Zerg Ground Armor Level 1  
  136  12:08  Hydralisk x3  
  130  12:12  Zergling x12  
  136  12:23  Hydralisk x4  
  136  12:24  Hydralisk  
  144  12:34  Zergling x14  
  140  12:39  Hydralisk x2  
  144  12:44  Adaptive Talons  
  141  12:53  Hydralisk x4  
  141  12:55  Lurker x3  
  152  13:05  Zergling x2  
  152  13:06  Zergling x10  
  152  13:13  Lurker x2  
  152  13:14  Lurker x3  
  151  13:34  Lurker x4  
  151  13:35  Zergling x24  
  156  14:03  Lurker x4  
  156  14:04  Lurker x2, Overlord  
  156  14:05  Zergling x12  
  168  14:13  Overlord  
  168  14:16  Overlord, Overseer x2  
  168  14:20  Overseer  
  168  14:21  Hatchery  
  152  14:38  Lurker x2  
  149  14:40  Zergling x32  
  165  14:50  Zerg Missile Weapons Level 3  
  165  14:59  Zergling x14  
  153  15:16  Zergling x12  
  153  15:17  Zergling x2  
  153  15:25  Overlord  
  153  15:26  Hydralisk x3  
  153  15:37  Zergling x14  
  109  15:50  Hydralisk x5  
  113  16:04  Hydralisk x5  
  95  16:14  Hydralisk  
  95  16:15  Hydralisk x2  
  96  16:24  Lurker x6  
  100  16:25  Overseer  
  100  16:26  Overseer  
  100  16:33  Lurker x4  
  100  16:34  Lurker  
  100  16:35  Overseer  
  105  16:50  Lurker x3  
  105  16:54  Hydralisk  
  108  16:59  Hatchery  
  109  17:02  Hydralisk x2  
  109  17:03  Hydralisk  
  115  17:12  Hydralisk  
  115  17:13  Hydralisk x2  
  121  17:18  Hydralisk x2  
  110  17:40  Hydralisk x8  
  110  18:01  Hydralisk x3  
  110  18:04  Overlord  
  111  18:07  Overlord  
Show
View Real Time Build Order
Export as new Build Order

GunGFuBanDa Protoss - Winner!

Build Orders: 1 Gate Expand, Carriers, Zealot Archon 

Get SALT Encoding   

  12  0:00  Probe  
  13  0:12  Probe  
  14  0:17  Pylon  
  14  0:24  Probe (Chrono Boost)  
  15  0:36  Probe (Chrono Boost)  
  15  0:38  Gateway  
  16  0:46  Probe (Chrono Boost)  
  16  0:49  Assimilator  
  17  0:56  Probe  
  18  1:08  Probe  
  19  1:20  Probe  
  20  1:27  Nexus  
  20  1:37  Cybernetics Core  
  20  1:39  Probe (Chrono Boost)  
  21  1:46  Assimilator  
  21  1:51  Probe (Chrono Boost)  
  21  1:54  Pylon  
  22  1:57  Probe (Chrono Boost)  
  23  2:11  Stalker (Chrono Boost)  
  23  2:12  Probe  
  23  2:13  Warp Gate  
  26  2:24  Probe  
  27  2:33  Twilight Council  
  27  2:34  Adept  
  30  2:40  Probe x2 (Chrono Boost)  
  31  2:49  Probe (Chrono Boost)  
  33  2:51  Probe (Chrono Boost)  
  33  2:54  Probe (Chrono Boost)  
  34  3:00  Probe  
  34  3:03  Robotics Facility  
  35  3:06  Probe  
  35  3:08  Adept  
  35  3:12  Probe  
  39  3:15  Resonating Glaives (Chrono Boost)  
  39  3:21  Gateway  
  39  3:29  Gateway  
  39  3:31  Gateway  
  39  3:33  Probe  
  40  3:40  Probe  
  41  3:45  Probe  
  41  3:47  Pylon  
  42  3:48  Warp Prism (Chrono Boost)  
  42  3:53  Probe  
  45  3:57  Probe  
  45  3:58  Pylon  
  46  4:06  Adept  
  46  4:07  Probe  
  50  4:10  Pylon, Probe  
  50  4:15  Adept  
  52  4:18  Observer  
  53  4:24  Dark Shrine  
  53  4:27  Probe x2  
  53  4:29  Assimilator  
  55  4:38  Adept x4  
  57  4:41  Probe  
  57  4:45  Assimilator  
  64  4:48  Probe  
  64  4:49  Pylon  
  63  5:00  Adept x3  
  63  5:03  Adept  
  62  5:21  Probe  
  62  5:27  Probe  
  61  5:33  Probe  
  60  5:39  Probe  
  60  5:41  Dark Templar  
  60  5:42  Dark Templar x2  
  67  5:45  Probe  
  67  5:46  Nexus  
  68  5:53  Probe  
  69  5:57  Probe  
  64  6:05  Probe  
  64  6:08  Dark Templar  
  64  6:09  Probe  
  64  6:10  Pylon  
  68  6:14  Dark Templar  
  68  6:17  Probe  
  71  6:20  Charge (Chrono Boost)  
  71  6:21  Probe  
  70  6:26  Pylon  
  70  6:29  Probe  
  71  6:34  Probe  
  71  6:35  Adept x2  
  71  6:39  Shield Battery  
  76  6:41  Probe  
  76  6:44  Shield Battery  
  76  6:46  Probe (Chrono Boost)  
  71  6:55  Adept x2  
  71  6:56  Adept x2  
  71  6:58  Probe x2 (Chrono Boost)  
  71  7:00  Gateway  
  79  7:01  Gateway  
  79  7:04  Gateway  
  79  7:06  Probe x2 (Chrono Boost)  
  81  7:08  Probe (Chrono Boost)  
  81  7:13  Probe  
  80  7:16  Adept x3  
  80  7:17  Adept  
  80  7:18  Probe  
  80  7:19  Immortal (Chrono Boost), Probe  
  93  7:25  Probe  
  94  7:30  Probe  
  94  7:37  Assimilator, Shield Battery, Gateway  
  95  7:38  Dark Templar  
  95  7:39  Dark Templar, Forge  
  95  7:42  Dark Templar  
  101  7:45  Sentry  
  101  7:48  Archon  
  101  7:49  Archon  
  103  7:57  Zealot x2  
  107  8:00  Pylon  
  107  8:01  Assimilator  
  107  8:02  Pylon  
  107  8:05  Pylon  
  107  8:17  Protoss Ground Weapons Level 1 (Chrono Boost)  
  107  8:19  Photon Cannon  
  107  8:25  Zealot x2  
  107  8:26  Zealot x5  
  121  8:35  Immortal (Chrono Boost)  
  121  8:39  Probe  
  121  8:41  Robotics Bay  
  118  8:45  Observer  
  118  8:48  Photon Cannon  
  114  8:51  Photon Cannon  
  114  8:52  Adept x3  
  114  8:53  Adept  
  114  8:54  Shield Battery  
  118  8:58  Zealot x3  
  122  9:04  Immortal (Chrono Boost)  
  126  9:21  Templar Archives  
  126  9:25  Photon Cannon  
  126  9:26  Pylon  
  126  9:28  Photon Cannon  
  125  9:40  Probe  
  125  9:43  Disruptor (Chrono Boost)  
  126  9:48  Dark Templar  
  126  9:49  Dark Templar x3  
  126  9:50  Dark Templar x2, Nexus  
  141  9:53  Pylon  
  141  9:54  Archon x2  
  141  9:55  Archon  
  141  10:04  Protoss Ground Weapons Level 2 (Chrono Boost)  
  141  10:11  Probe  
  141  10:12  Zealot x2, Blink  
  141  10:14  Disruptor (Chrono Boost)  
  141  10:19  Gravitic Drive  
  141  10:20  Observer  
  144  10:27  Probe x2  
  144  10:30  Probe  
  145  10:39  Disruptor (Chrono Boost), Probe  
  145  10:40  Photon Cannon  
  145  10:41  Photon Cannon  
  145  10:42  Shield Battery  
  146  10:44  Photon Cannon  
  146  10:48  Pylon  
  146  10:49  Pylon  
  149  10:50  Pylon  
  149  11:00  Assimilator  
  149  11:02  Assimilator, Probe  
  146  11:18  Probe  
  139  11:19  High Templar x4  
  139  11:20  High Templar x2, Zealot  
  139  11:21  Zealot  
  139  11:25  Archon x3  
  145  11:29  Gateway  
  145  11:30  Gateway  
  145  11:32  Immortal (Chrono Boost), Gateway  
  145  11:36  Pylon, Robotics Facility  
  147  11:47  Zealot x2  
  151  11:59  Zealot x4  
  159  12:08  Immortal  
  155  12:11  Zealot x2  
  155  12:12  Dark Templar  
  159  12:35  Disruptor (Chrono Boost)  
  159  12:36  Protoss Ground Weapons Level 3 (Chrono Boost)  
  160  12:40  Zealot x10  
  178  12:44  Stargate  
  178  12:45  Immortal (Chrono Boost)  
  178  12:50  Gravitic Boosters, Protoss Air Weapons Level 1 (Chrono Boost)  
  176  13:02  Observer  
  177  13:07  Nexus  
  177  13:17  Zealot  
  175  13:23  Psionic Storm  
  172  13:40  Fleet Beacon  
  172  13:41  Stargate  
  172  13:43  Stargate  
  172  13:48  Stargate  
  166  13:57  High Templar x5  
  166  14:02  Pylon  
  162  14:05  Pylon  
  162  14:07  Pylon  
  162  14:31  Zealot x11  
  166  14:38  Carrier x2 (Chrono Boost)  
  182  14:42  Carrier (Chrono Boost)  
  200  14:46  Photon Cannon  
  200  14:48  Photon Cannon  
  200  14:49  Photon Cannon  
  200  14:51  Photon Cannon x2  
  200  14:52  Photon Cannon  
  200  14:54  Photon Cannon  
  200  14:55  Shield Battery  
  200  15:02  Assimilator  
  200  15:06  Assimilator  
  180  15:10  Carrier (Chrono Boost), Observer  
  180  15:14  High Templar x3  
  176  15:16  Zealot x4  
  176  15:17  Protoss Shields Level 1 (Chrono Boost)  
  173  15:30  Pylon  
  173  15:39  Pylon  
  173  15:40  Pylon  
  163  15:56  Carrier (Chrono Boost)  
  163  15:58  Carrier (Chrono Boost)  
  165  16:04  Carrier (Chrono Boost)  
  165  16:05  Carrier (Chrono Boost)  
  131  16:18  High Templar  
  131  16:19  High Templar  
  131  16:20  High Templar, Probe  
  134  16:37  Observer  
  134  16:46  Nexus  
  134  16:48  Pylon  
  134  17:08  Zealot  
  134  17:09  Dark Templar, Zealot x3  
  134  17:10  Zealot x6  
  156  17:25  Void Ray x2  
  156  17:35  Void Ray  
  156  17:36  Void Ray  
  160  17:53  Observer  
  160  17:56  Dark Templar x2  
  160  17:58  Dark Templar  

Tags
 
Add a new tag
Caveats
  • Supply blocks, unpowered buildings, or Contaminate may cause inaccurate times.
  • Supply counts are checked every 10 seconds.